 Dungeon Crawl Stone Soup version 0.29.1-1-gd02db6906a (webtiles) character file.

Game seed: 17153928622616141210

35963 Ordine the Spry (level 13, -1/65 HPs)
             Began as a Felid Summoner on Sept 17, 2022.
             Was an Initiate of Gozag.
             Killed by divine providence
             ... invoked by a meliai
              (17 damage)
             ... on level 15 of the Dungeon.
             The game lasted 02:11:00 (36764 turns).

Ordine the Spry (Felid Summoner)                   Turns: 36764, Time: 02:11:01

Health: -1/65      AC:  3    Str:  4    XL:     13   Next: 50%
Magic:  22/39      EV: 30    Int: 20    God:    Gozag
Gold:   4286       SH:  0    Dex: 18    Spells: 6/36 levels left
                                        Lives:  0   Deaths: 4

rFire   + . .      SeeInvis +   (weapon unavailable)
rCold   + . .      Faith    .   (shield unavailable)
rNeg    . . .      Spirit   .   (body armour unavailable)
rPois   .          Reflect  .   (helmet unavailable)
rElec   .          Harm     .   (cloak unavailable)
rCorr   .          Rampage  .   (gloves unavailable)
Will    +....                   (boots unavailable)
Stlth   ++........              r - amulet of magic regeneration
HPRegen 0.20/turn               t - ring of magical power
MPRegen 0.66/turn               o - ring of protection from fire

@: about to teleport, gold aura, studying Invocations, quick
A: very small, claws 1, fangs 3, see invisible, speed 1, shaggy fur 3, stealthy
paws, no weapons or thrown items, no armour, multi-lived
a: Renounce Religion, Potion Petition, Call Merchant, Bribe Branch


You were on level 15 of the Dungeon.
You worshipped Gozag.
Gozag was most pleased with you.
You visited 4 branches of the dungeon, and saw 21 of its levels.
You also visited: Bailey, Gauntlet and Volcano.

You collected 7492 gold pieces.
You spent 820 gold pieces at shops.
You paid 2386 gold pieces to Gozag.

Inventory:

Jewellery
 g - a ring of poison resistance
 o - a ring of protection from fire (right paw)
 r - an amulet of magic regeneration (around neck)
 t - a ring of magical power (left paw)
 A - a ring of resist corrosion
 C - an amulet of regeneration
 E - a ring of wizardry
Wands
 q - a wand of polymorph (5)
 w - a wand of digging (3)
 y - a wand of paralysis (15)
 F - a wand of iceblast (7)
Scrolls
 e - 3 scrolls of teleportation
 h - 5 scrolls of fear
 j - 3 scrolls of blinking
 k - 2 scrolls of poison
 n - 3 scrolls of butterflies
 v - 3 scrolls of immolation
 x - a scroll of vulnerability
Potions
 a - 3 potions of magic
 b - 3 potions of attraction
 c - 10 potions of curing
 d - 2 potions of lignification
 f - 3 potions of flight
 i - 7 potions of mutation
 l - a potion of might {unknown}
 m - 2 potions of haste
 p - 2 potions of berserk rage {unknown}
 s - 5 potions of cancellation {unknown}
 u - 2 potions of brilliance {unknown}
 z - 2 potions of resistance {unknown}
 B - a potion of ambrosia {unknown}


   Skills:
 + Level 12.5 Fighting
 + Level 16.2 Dodging
 - Level 2.6 Stealth
 + Level 12.3 Spellcasting
 - Level 10.0 Hexes
 + Level 12.4 Summonings
 + Level 4.1 Transmutations
 - Level 7.0 Air Magic
 + Level 3.4 Earth Magic


You had 6 spell levels left.
You knew the following spells:

 Your Spells              Type           Power      Damage    Failure   Level
a - Call Canine Familiar  Summ           58%        N/A       1%          3
b - Summon Guardian Gole  Hex/Summ       55%        N/A       1%          3
c - Summon Lightning Spi  Summ/Air       50%        N/A       1%          4
d - Summon Mana Viper     Hex/Summ       55%        N/A       1%          5
e - Summon Cactus Giant   Summ           29%        N/A       4%          6
h - Statue Form           Tmut/Erth      18%        N/A       87%         6
x - Call Imp              Summ           58%        N/A       1%          2
z - Summon Small Mammal   Summ           100%       N/A       1%          1

Your spell library contained the following spells:

 Spells                   Type           Power      Damage    Failure   Level
 Slow                     Hex            100%       N/A       1%          1
 Ensorcelled Hibernation  Hex/Ice        64%        N/A       1%          2
 Passwall                 Tmut/Erth      22%        N/A       1%          2
 Confusing Touch          Hex            51%        N/A       1%          3
 Swiftness                Air            40%        N/A       1%          3
 Tukima's Dance           Hex            51%        N/A       1%          3
 Leda's Liquefaction      Hex/Erth       19%        N/A       3%          4
 Apportation              Tloc           24%        N/A       5%          1
 Foxfire                  Conj/Fire      48%        2x1d6     5%          1
 Freeze                   Ice            48%        1d7       5%          1
 Summon Forest            Summ/Tloc      18%        N/A       12%         5
 Frozen Ramparts          Ice            24%        1d4       16%         3
 Vampiric Draining        Necr           12%        2d6       16%         3
 Blade Hands              Tmut           14%        N/A       26%         5
 Lee's Rapid Deconstruct  Erth           13%        3d10*     36%         5
 Hailstorm                Conj/Ice       12%        3d5       47%         4
 Alistair's Intoxication  Tmut/Pois      13%        N/A       54%         5
 Summon Hydra             Summ           29%        N/A       28%         7
 Haunt                    Necr/Summ      18%        N/A       98%         7
 Dragon's Call            Summ           29%        N/A       100%        9
 Portal Projectile        Hex/Tloc       Unusable   N/A       N/A         3

Dungeon Overview and Level Annotations

Branches:
Dungeon (12/15)            Temple (1/1) D:5            Lair (5/5) D:9
  Swamp (0/4) Lair:3       Spider (0/4) Lair:3        Slime (0/5) Lair:4
    Orc (2/2) D:10            Elf (0/3) Orc:2        Bailey (visited)
Volcano (visited)         Gauntlet (visited)

Altars:
Ashenzari
Cheibriados
Dithmenos
Elyvilon
Fedhas
Gozag
Hepliaklqana
Kikubaaqudgha
Makhleb
Nemelex Xobeh
Okawaru
Qazlal
Ru
Sif Muna
Trog
Uskayaw
Vehumet
Wu Jian
Xom
Yredelemnul
Zin
The Shining One

Shops:
D:2 (   D:10 :   Orc:1 =   Orc:2 (=([=   Lair:1 =   Lair:3 :

Annotations:
D:5 SnailSD's ghost, novice MeFi


Innate Abilities, Weirdness & Mutations

You have sharp claws.
You have razor-sharp teeth.
You have supernaturally acute eyesight. (SInv)
You cover ground quickly. (Speed+)
Your thick and shaggy fur keeps you warm. (AC +3, rC+)
Your paws help you pounce on unaware monsters.
You are incapable of wielding weapons or throwing items.
You cannot wear armour.
You gain extra lives every three experience levels.


Message History

The arrow closely misses you.
A meliai opens the door.
A meliai comes into view.
It is wielding a +2 vorpal hand axe and wearing a +2 leather armour of cold resistance.
Your cactus giant is engulfed in blazing flames.
Your cactus giant hits the centaur warrior with a +0 giant spiked club!!
A meliai comes into view. It is wielding a +0 hand axe.
A meliai comes into view. It is wielding a +0 war axe.
The centaur warrior shoots an arrow.
The arrow barely misses you.
The purple ugly thing is engulfed in blazing flames.
Casting: Summon Lightning Spire (dangerous; 1% risk of failure)
Confirm with . or Enter, or press ? or * to list all spells.
A guardian golem appears, shielding your allies.
A meliai comes into view.
It is wielding a +0 hand axe of freezing.
A meliai comes into view. It is wielding a +0 war axe.
The purple ugly thing is distracted by your dazzling golden aura.
As you read the scroll of teleportation, it crumbles to dust.
You feel strangely unstable.
The meliai mumbles some strange prayers to its god against you.
Something smites you!
The purple ugly thing is engulfed in blazing flames.
The purple ugly thing is struck by your cactus giant's spines.
The purple ugly thing tail-slaps your cactus giant!
The meliai is distracted by your dazzling golden aura.
The meliai hits your guardian golem with a +0 war axe!
The meliai stings your guardian golem.
A meliai comes into view. It is wielding a +0 war axe.
The purple ugly thing gurgles horribly!
Unknown command.
The meliai calls down the wrath of its god upon you.
Something smites you!
* * * LOW HITPOINT WARNING * * *
The meliai is distracted by your dazzling golden aura.
The purple ugly thing is engulfed in blazing flames.
The purple ugly thing dies!
Your cactus giant is engulfed in blazing flames.
The meliai buzzes angrily.
The meliai is distracted by your dazzling golden aura.
The meliai calls down the wrath of its god upon you.
Something smites you!
You die...
Your body crumbles into a pile of gold.

.y#.# ..#.#
###y#.#######
#.....§§u.c..
#..yy8Cuc..c$
#.yy..#
#..9..#####
#.........#
#..@......#
#.........#
####......#
#......#
#......#
########


You could see 5 meliai, a friendly cactus giant (summoned, sheltered), a
friendly guardian golem (summoned) and a friendly lightning spire (summoned,
sheltered).

Vanquished Creatures
  A blink frog (Lair:5)
  A steam dragon (D:8)
  A bullfrog (Lair:2)
  An ufetubus (D:4)
  A worm (D:3)
  2 ball pythons
  3 bats
  4 endoplasms
  3 giant cockroaches
  2 hobgoblins
  3 kobolds (D:8)
  3 quokkas
  3 frilled lizards
  2 goblins (D:4)
  4 rats
34 creatures vanquished.

Vanquished Creatures (collateral kills)
  A minotaur (Gauntlet)
  3 hydras (Lair:5)
  2 catoblepae (Lair:5)
  2 ogre magi
  4 boulder beetles
  4 death yaks (Lair:2)
  5 two-headed ogres
  3 orc high priests (Orc:2)
  A hell knight (Volcano)
  Nergalle (D:10)
  A fire crab (Lair:4)
  A deep elf pyromancer (D:12)
  2 ugly things (D:15)
  4 orc knights (Orc:2)
  10 orc sorcerers
  2 cyclopes (D:11)
  A wolf spider (Lair:3)
  2 manticores (D:11)
  6 elephants (Lair:3)
  2 black mambas
  A torpor snail (Lair:5)
  2 molten gargoyles (Volcano)
  21 cane toads
  4 rime drakes
  9 komodo dragons
  3 trolls
  3 tyrant leeches (Lair:5)
  16 blink frogs
  5 hornets
  2 slime creatures (Lair:4)
  4 flying skulls (Gauntlet)
  2 shadows
  Sigmund (D:3)
  3 nameless horrors
  3 wyverns
  26 yaks
  2 fire bats (Volcano)
  2 wraiths
  Eustachio (D:5)
  A vampire (D:12)
  5 vampire mosquitoes
  An acid dragon (D:11)
  10 water moccasins
  Duvessa (D:4)
  A floating eye (Orc:1)
  16 orc warriors
  5 black bears
  2 ice beasts
  5 wolves
  15 centaurs
  6 ogres
  A phantom (D:5)
  5 kobold brigands
  2 two-headed ogre simulacra (D:11)
  20 bullfrogs
  3 necrophages
  2 scorpions
  9 wights
  6 jellies
  2 killer bees (D:9)
  2 electric eels (Lair:5)
  4 howler monkeys
  7 lava snakes (Volcano)
  A centaur zombie (D:5)
  7 orc priests
  2 hounds
  6 iguanas
  15 orc wizards
  A spriggan simulacrum (D:11)
  12 gnolls
  5 adders
  A naga simulacrum (D:11)
  7 river rats (Lair:2)
  2 white imps (D:7)
  An ufetubus (D:4)
  3 worms
  A dart slug (D:4)
  78 orcs
  7 ball pythons
  5 endoplasms
  8 hobgoblins
  4 jackals (D:2)
  3 quokkas
  A bat (D:1)
  5 frilled lizards
  9 goblins
  23 kobolds
  2 butterflies (Lair:1)
507 creatures vanquished.

Vanquished Creatures (others)
  Harold (D:10)
  A hydra (Lair:3)
  Erolcha (D:10)
  An ogre mage (Volcano)
  A boulder beetle (Lair:1)
  2 two-headed ogres (Volcano)
  2 death yaks (Lair:2)
  2 ugly things (D:15)
  6 elephants (Lair:3)
  3 black mambas
  2 cane toads
  3 komodo dragons
  A polar bear (Lair:2)
  2 hornets
  Prince Ribbit (D:5)
  A blink frog (Lair:3)
  3 wyverns
  A wraith (D:10)
  13 yaks
  Menkaure (D:4)
  A black bear (Lair:3)
  11 orc warriors
  3 ogres
  2 centaurs
  A bullfrog (D:8)
  2 scorpions
  A necrophage (D:6)
  3 wights (D:6)
  Dowan (D:4)
  7 killer bees (D:9)
  An iguana (D:5)
  2 hell rats (Lair:2)
  5 river rats (Lair:2)
  6 orcs
  A quokka (D:5)
  A bush (Lair:2)
  39 fungi
  104 plants
239 creatures vanquished.

Grand Total: 780 creatures vanquished

Notes
Turn   | Place    | Note
-------+----------+-------------------------------------------
     0 | D:1      | Ordine the Felid Summoner began the quest for the Orb.
     0 | D:1      | Reached XP level 1. HP: 7/7 MP: 4/4
   453 | D:1      | Reached XP level 2. HP: 9/11 MP: 4/6
   510 | D:1      | Learned a level 2 spell: Call Imp
   994 | D:1      | Found a faded altar of an unknown god.
  1379 | D:2      | Found a white marble altar of Elyvilon.
  1453 | D:2      | Found Rimetin's Weapon Shop.
  1889 | D:2      | Reached XP level 3. HP: 14/14 MP: 5/8
  1893 | D:2      | Learned a level 3 spell: Call Canine Familiar
  2749 | D:3      | Noticed Sigmund
  2964 | D:3      | Killed Sigmund
  2965 | D:3      | Reached skill level 5 in Summonings
  2965 | D:3      | Reached XP level 4. HP: 4/18 MP: 3/11
  2965 | D:3      | Reached XP level 5. HP: 5/21 MP: 3/12
  3191 | D:3      | Learned a level 3 spell: Summon Guardian Golem
  3715 | D:4      | Noticed a water moccasin
  3798 | D:4      | Noticed Duvessa
  3800 | D:4      | Noticed Dowan
  3833 | D:4      | Slain by Duvessa
  3834 | D:4      | Reached XP level 4. HP: -1/18 MP: 1/11
  4453 | D:4      | Reached skill level 3 in Dodging
  4453 | D:4      | Reached XP level 5. HP: 21/21 MP: 8/12
  4471 | D:4      | Killed a water moccasin
  4472 | D:4      | Reached skill level 1 in Fighting
  4472 | D:4      | Reached skill level 1 in Hexes
  4841 | D:4      | Gained mutation: You are covered in thick fur. (AC +2)
                  | [Felid growth]
  4841 | D:4      | Reached XP level 6. HP: 13/25 MP: 8/13
  5087 | D:3      | Learned a level 4 spell: Summon Lightning Spire
  5422 | D:4      | Noticed Menkaure
  6257 | D:4      | Killed Menkaure
  6258 | D:4      | Reached skill level 4 in Dodging
  6258 | D:4      | Reached skill level 1 in Air Magic
  6307 | D:4      | Reached XP level 7. HP: 20/30 MP: 9/15
  6382 | D:4      | Killed Duvessa
  6400 | D:4      | Killed Dowan
  6935 | D:4      | Reached skill level 5 in Spellcasting
  7111 | D:4      | Reached XP level 8. HP: 24/34 MP: 9/16
  7183 | D:4      | Reached skill level 5 in Dodging
  7722 | D:5      | Entered Level 5 of the Dungeon
  8003 | D:5      | Found a transporter.
  8005 | D:5      | Noticed SnailSD's ghost (novice MeFi)
  8006 | D:5      | Found a transporter.
  8120 | D:5      | Found a shadowy altar of Dithmenos.
  8246 | D:5      | Noticed Prince Ribbit
  8257 | D:5      | Killed Prince Ribbit
  8258 | D:5      | Reached skill level 5 in Hexes
  8262 | D:5      | Noticed Eustachio
  8331 | D:5      | Killed Eustachio
  8521 | D:5      | Reached skill level 6 in Dodging
  8790 | D:5      | Found a staircase to the Ecumenical Temple.
  8800 | Temple   | Entered the Ecumenical Temple
  9135 | Temple   | Became a worshipper of Gozag Ym Sagoz the Greedy
  9929 | D:6      | Reached XP level 9. HP: 39/39 MP: 10/19
 10386 | D:6      | Reached skill level 7 in Dodging
 10826 | D:7      | Found a flagged portal.
 10853 | Bailey   | Entered a bailey
 10921 | Bailey   | Hit by a javelin thrown by a centaur
 10922 | Bailey   | Reached XP level 8. HP: -3/36 MP: 5/18
 11094 | Bailey   | Reached skill level 5 in Fighting
 11835 | Bailey   | Reached XP level 9. HP: 40/40 MP: 7/20
 12148 | Bailey   | Reached skill level 8 in Dodging
 12808 | Bailey   | Reached skill level 5 in Air Magic
 14608 | D:7      | Reached XP level 10. HP: 45/45 MP: 21/21
 16061 | D:8      | HP: 2/46 [something] (7)]
 16370 | D:8      | Reached skill level 9 in Dodging
 17080 | D:9      | Noticed a two-headed ogre
 17090 | D:9      | Killed a two-headed ogre
 17158 | D:9      | Noticed a two-headed ogre
 17169 | D:9      | Killed a two-headed ogre
 18002 | D:9      | Identified the +3 quarterstaff of the Pillar {pain, Will++}
 18016 | D:9      | Found a staircase to the Lair.
 18186 | D:9      | Reached XP level 11. HP: 29/50 MP: 14/24
 18193 | D:9      | HP: 2/50 [themself (16)]
 18290 | D:9      | Reached skill level 10 in Dodging
 18763 | D:9      | Found a radiant altar of Vehumet.
 19047 | D:10     | Entered Level 10 of the Dungeon
 19047 | D:10     | Noticed Erolcha
 19122 | D:10     | Killed Erolcha
 19254 | D:10     | Noticed Harold
 19282 | D:10     | Killed Harold
 19684 | D:10     | Noticed Nergalle
 20139 | D:10     | Identified the +1 rapier "Linenilla" {vorpal, rF+ rC- Will+
                  | Int+3}
 20270 | D:10     | Identified a scroll of acquirement
 20281 | D:10     | Killed Nergalle
 20282 | D:10     | Reached skill level 10 in Summonings
 20289 | D:10     | Learned a level 6 spell: Statue Form
 20298 | D:10     | Reached skill level 11 in Dodging
 20350 | D:10     | Acquired Onianoro's Disquisition on the Swarm
 20365 | D:10     | Learned a level 5 spell: Summon Mana Viper
 20614 | D:10     | Found a staircase to the Orcish Mines.
 21132 | Lair:1   | Entered Level 1 of the Lair of Beasts
 21156 | Lair:1   | Bought an amulet of magic regeneration for 480 gold pieces
 21666 | Lair:1   | Noticed a boulder beetle
 21688 | Lair:1   | Killed a boulder beetle
 22224 | Lair:2   | Gained mutation: Your thick and shaggy fur keeps you warm.
                  | (AC +3, rC+) [Felid growth]
 22224 | Lair:2   | Reached XP level 12. HP: 56/56 MP: 25/26
 22249 | Lair:2   | Noticed a boulder beetle
 22538 | Lair:2   | Noticed a boulder beetle
 22577 | Lair:2   | Killed a boulder beetle
 22731 | Lair:1   | Killed a boulder beetle
 22732 | Lair:1   | Reached skill level 12 in Dodging
 23718 | Lair:3   | Found a hole to the Spider Nest.
 23847 | Lair:3   | Noticed a boulder beetle
 23858 | Lair:3   | Killed a boulder beetle
 23913 | Lair:3   | Found a dark tunnel.
 23923 | Volcano  | Entered a volcano
 24392 | Volcano  | Reached skill level 10 in Spellcasting
 24808 | Volcano  | Found a radiant altar of Vehumet.
 24808 | Volcano  | Noticed a two-headed ogre
 24808 | Volcano  | Noticed an ogre mage
 24808 | Volcano  | Noticed a two-headed ogre
 24808 | Volcano  | Noticed a two-headed ogre
 24823 | Volcano  | Killed a two-headed ogre
 24839 | Volcano  | Killed a two-headed ogre
 24842 | Volcano  | Killed a two-headed ogre
 24848 | Volcano  | Killed an ogre mage
 24849 | Volcano  | Reached skill level 13 in Dodging
 24869 | Volcano  | Noticed a two-headed ogre
 24902 | Volcano  | Killed a two-headed ogre
 24903 | Volcano  | Reached skill level 10 in Fighting
 25934 | Lair:3   | Learned a level 6 spell: Summon Cactus Giant
 26042 | Lair:3   | Reached XP level 13. HP: 61/61 MP: 28/28
 26198 | Lair:2   | Reached skill level 10 in Hexes
 27100 | Lair:3   | Found a staircase to the Swamp.
 27187 | Lair:3   | Reached skill level 14 in Dodging
 28396 | Lair:4   | Found a staircase to the Slime Pits.
 28941 | Lair:5   | Entered Level 5 of the Lair of Beasts
 29454 | Lair:5   | Reached XP level 14. HP: 63/67 MP: 30/30
 29686 | Lair:5   | Reached skill level 15 in Dodging
 30948 | Orc:1    | Entered Level 1 of the Orcish Mines
 30957 | Orc:1    | Reached skill level 1 in Transmutations
 30980 | Orc:1    | Reached skill level 1 in Earth Magic
 31087 | Orc:1    | Found Wetaohy's Jewellery Boutique.
 31251 | Orc:1    | Slain by a hornet
 31252 | Orc:1    | Reached XP level 13. HP: -2/61 MP: 31/38
 31311 | D:10     | HP: 1/64 [hornet (10)]
 31311 | D:10     | Paralysed by a hornet for 1 turns
 31605 | Orc:1    | Paralysed by a hornet for 1 turns
 31860 | D:10     | Paralysed by a hornet for 3 turns
 32262 | Orc:2    | Entered Level 2 of the Orcish Mines
 32582 | Orc:2    | Found Reowupt's Jewellery Shop.
 32604 | Orc:2    | Found a staircase to the Elven Halls.
 32613 | Orc:2    | Bought a ring of poison resistance for 340 gold pieces
 32777 | Orc:2    | HP: 3/64 [sixfirhy[an orc high priest] (7)]
 32777 | Orc:2    | Mangled by a sixfirhy
 32778 | Orc:2    | Reached XP level 12. HP: -8/61 MP: 38/38
 33357 | Orc:2    | Noticed an orc high priest
 33369 | Orc:2    | Killed an orc high priest
 33659 | Orc:2    | Reached XP level 13. HP: 55/64 MP: 30/30
 33834 | Orc:2    | Found Tepuerin's Armour Emporium.
 33834 | Orc:2    | Found Duowa's Weapon Emporium.
 33835 | Orc:2    | Found Byumakk's Weapon Shop.
 33835 | Orc:2    | Found Kamyaci's Jewellery Shop.
 34097 | Orc:2    | Reached skill level 16 in Dodging
 34105 | Orc:2    | Found a shimmering blue altar of Sif Muna.
 34191 | Orc:2    | Got Sif Muna's Compilation of Confrontation
 34356 | D:11     | Found a gate leading to a gauntlet.
 34367 | Gauntlet | Entered a Gauntlet
 34367 | Gauntlet | Found a transporter.
 34377 | Gauntlet | Found a transporter.
 34380 | Gauntlet | Found a transporter.
 34381 | Gauntlet | Found a transporter.
 34389 | Gauntlet | Found a transporter.
 34389 | Gauntlet | Found the +3 pair of mountain boots {steadfast, rC+}
 34392 | Gauntlet | Found a transporter.
 34393 | Gauntlet | Found a transporter.
 34403 | Gauntlet | Found a transporter.
 34405 | Gauntlet | Found a transporter.
 34406 | Gauntlet | Found a transporter.
 34418 | Gauntlet | Found a transporter.
 34419 | Gauntlet | Found a transporter.
 34423 | Gauntlet | Found a runed translucent door.
 34424 | Gauntlet | Noticed a blizzard demon
 34425 | Gauntlet | Found a runed translucent door.
 34427 | Gauntlet | Found a transporter.
 34451 | Gauntlet | Found a transporter.
 34722 | Gauntlet | Identified the ring "Neac" {Fire Will++ Str+3 Int+4}
 34722 | Gauntlet | Noticed a minotaur
 34738 | Gauntlet | Killed a minotaur
 34946 | Gauntlet | Identified the +1 robe of Intuition {Fly MP+9 Dex-2
                  | Archmagi}
 36698 | D:12     | You fall into a shaft and drop 3 floors!
 36698 | D:15     | Entered Level 15 of the Dungeon
 36764 | D:15     | Killed from afar by a meliai

Illustrated notes

Levels and vault maps discovered:
D:1:      dpeg_arrival_three_same_balls, layout_basic, basic_ecumenical_altar
D:2:      layout_loops_ring, basic_altar, serial_shops,
          nicolae_shop_bloodbath_and_beyond, kennysheep_generic_room_8
D:3:      layout_basic, uniq_sigmund
D:4:      minmay_polygon_palace, layout_basic, uniq_menkaure, uniq_duvessa
D:5:      layout_loops_ring, nicolae_dithmenos_shadow_blocks,
          minmay_temple_entry_large_hall, gammafunk_ghost_mausoleum,
          uniq_eustachio, uniq_prince_ribbit1
D:6:      layout_cave_pools
D:7:      layout_cave_pods, enter_bailey_5
D:8:      layout_basic, minivault_11
D:9:      layout_loops_ring, nicolae_vehumet_radiance, lair_entry_dummy,
          hangedman_minor_gate_pass
D:10:     layout_loops_ring, hiddenorc2_lemuel, uniq_erolcha, uniq_nergalle,
          uniq_harold
D:11:     layout_irregular_city, gauntlet_entry_generic,
          portal_ice_cave_entry_ice_simulacra, roderic_lattice_a,
          serial_bayou_pond_d
D:12:     layout_rooms
D:15:     hangedman_depths_entry_civil_slaughter, layout_basic,
          einodemon_crawler_minivault
Temple:   mainiacjoe_temple_cubbyholes
Lair:1:   layout_regular_city, grunt_megastairs_4, lemuel_fruit_fields,
          infiniplex_staircase_pool_2
Lair:2:   layout_loops_ring, kennysheep_rathole, grunt_megastairs_3
Lair:3:   layout_chaotic_city, minmay_swamp_entry_reptiles,
          spider_nest_entry_rubble, enter_volcano_1, beast_lair_carwin_3
Lair:4:   layout_misc_corridors, minmay_slime_entry_pillars, grunt_megastairs_1
Lair:5:   minmay_lair_end_frog_pond, layout_gridlike
Orc:1:    hellmonk_paralyzer, layout_caves, minmay_shop_enchanted_jewellery
Orc:2:    st_orc_elflike, layout_caves, serial_shops, nicolae_shop_hallway_plus,
          led_sif_book

Skill      XL: |  1  2  3  4  5  6  7  8  9 10 11 12 13 14 |
---------------+-------------------------------------------+-----
Spellcasting   | 4 5 6 7 8 9 10 12 | 12.3
Summonings     | 5 6 8 9 10 12 | 12.4
Dodging        | 3 4 6 8 9 11 13 16 15 | 16.2
Fighting       | 1 2 5 6 7 8 10 11 12 | 12.5
Hexes          | 2 3 4 5 6 9 10 | 10.0
Air Magic      | 1 2 3 5 6 7 |  7.0
Transmutations | 3 4 1 |  4.1
Earth Magic    | 3 1 |  3.4
Stealth        | |  2.6

Action                   |  1- 3 |  4- 6 |  7- 9 | 10-12 | 13-15 || total
-------------------------+-------+-------+-------+-------+-------++-------
Melee: Unarmed           |    24 |    20 |    61 |    43 |    23 ||   171
       Bite              |     4 |     1 |     9 |     4 |     1 ||    19
       Punch             |       |       |       |     2 |       ||     2
 Cast: Summon Small Mamm |    23 |     2 |       |       |       ||    25
       Call Imp          |    25 |    22 |    27 |     5 |       ||    79
       Call Canine Famil |     3 |    22 |    82 |   128 |   123 ||   358
       Summon Guardian G |       |     2 |    47 |    99 |    21 ||   169
       Summon Lightning  |       |       |    31 |    73 |    54 ||   158
       Summon Mana Viper |       |       |       |    24 |   125 ||   149
       Summon Cactus Gia |       |       |       |     4 |    21 ||    25
Invok: Call Merchant     |       |       |       |     1 |     2 ||     3
  Use: Scroll            |       |     4 |     1 |    11 |     7 ||    23
       Potion            |       |       |       |     4 |     4 ||     8
 Stab: Sleeping          |     5 |       |     3 |     1 |       ||     9
       Distracted        |       |       |       |     1 |     2 ||     3
       Betrayed ally     |       |       |       |     1 |       ||     1
Armor: Skin              |       |     3 |    10 |    12 |    13 ||    38
Dodge: Dodged            |    21 |    42 |   177 |   256 |   275 ||   771
